 Dungeon Crawl Stone Soup version 0.23.0 (webtiles) character file.

Game seed: 687643630293182005

6636 Yuikono the Zephyrmancer (level 11, -4/69 HPs)
             Began as a Tengu Air Elementalist on Feb 13, 2019.
             Was a Follower of Vehumet.
             Slain by a two-headed ogre
             ... wielding a +0 giant club
              (15 damage)
             ... on level 11 of the Dungeon.
             The game lasted 00:56:47 (15185 turns).

Yuikono the Zephyrmancer (Tengu Air Elementalist)  Turns: 15185, Time: 00:56:48

Health: -4/69      AC:  6    Str: 10    XL:     11   Next: 2%
Magic:  17/20      EV: 15    Int: 18    God:    Vehumet [*.....]
Gold:   211        SH:  0    Dex: 14    Spells: 3/21 levels left

rFire    . . .     SeeInvis .   D - +3 hand axe (elec)
rCold    . . .     Gourm    .   (no shield)
rNeg     . . .     Faith    +   u - +2 robe {Archmagi}
rPois    .         Spirit   .   (helmet restricted)
rElec    .         Reflect  .   J - +0 cloak
rCorr    .         Harm     .   K - +0 pair of gloves
MR       .....                  (boots unavailable)
Stlth    ++........             y - amulet of faith
HPRegen  0.21/turn              (no ring)
MPRegen  0.17/turn              (no ring)

@: flying quickly and evasively, slowed, very slow
A: beak, talons 3, able to fly
a: Stop Flying, Renounce Religion


You were on level 11 of the Dungeon.
You worshipped Vehumet.
Vehumet was aware of your devotion.
You were hungry.

You visited 2 branches of the dungeon, and saw 12 of its levels.

You collected 579 gold pieces.
You spent 368 gold pieces at shops.

Inventory:

Hand Weapons
 f - a +0 hunting sling
 m - a +0 dagger
 x - a +1 dagger of venom
 D - a +3 hand axe of electrocution (weapon)
 N - a +0 blowgun
 V - a +0 hand crossbow of freezing
Missiles
 d - 148 stones (quivered)
 p - 65 poisoned needles
 r - 117 arrows
 s - 34 bolts
 F - 10 tomahawks
 G - 5 needles of frenzy
 H - 86 sling bullets
 T - 3 tomahawks of returning
 U - 5 steel tomahawks
Armour
 a - a +0 robe
 u - a +2 robe of the Archmagi (worn)
 v - a +5 scale mail of fire resistance
 J - a +0 cloak (worn)
 K - a +0 pair of gloves (worn)
 O - a +2 robe of positive energy
Jewellery
 y - an amulet of faith (around neck)
 B - an uncursed amulet of the gourmand
 E - an uncursed amulet of magic regeneration
Wands
 Q - a wand of random effects (8)
Scrolls
 b - 2 scrolls of enchant armour
 e - 6 scrolls of teleportation
 l - a scroll of magic mapping
 n - a scroll of noise
 o - a scroll of fear
 q - 2 scrolls of identify
 t - 5 scrolls of remove curse
 w - a scroll of amnesia
 C - a scroll of random uselessness {unknown}
 I - a scroll of fog {unknown}
 L - a scroll of enchant weapon {unknown}
 R - a scroll of blinking {unknown}
 Z - a scroll of immolation {unknown}
Potions
 g - a potion of ambrosia
 h - a potion of invisibility {unknown}
 i - a potion of cancellation
 j - a potion of magic {unknown}
 z - 3 potions of curing
 A - 5 potions of agility
 M - 2 potions of resistance
 P - 2 potions of brilliance
 S - a potion of heal wounds
 W - a potion of berserk rage
 X - a potion of lignification
Comestibles
 c - 4 rations


   Skills:
 + Level 8.3 Fighting
 - Level 3.9 Armour
 - Level 2.1 Dodging
 - Level 2.0 Stealth
 + Level 5.6 Spellcasting
 + Level 11.2 Conjurations
 + Level 11.8 Air Magic


You had 3 spell levels left.
You knew the following spells:

 Your Spells              Type           Power        Failure   Level  Hunger
a - Shock                 Conj/Air       ####         1%          1    None
b - Swiftness             Chrm/Air       #####...     1%          2    None
c - Static Discharge      Conj/Air       ######..     1%          3    ##.....
d - Airstrike             Air            ######....   1%          4    ####...
e - Conjure Flame         Conj/Fire      #####...     3%          3    ##.....
f - Lightning Bolt        Conj/Air       ######....   3%          5    #####..

Your spell library contained the following spells:

 Spells                   Type           Power        Failure   Level  Hunger
 Magic Dart               Conj           ####         1%          1    None
 Flame Tongue             Conj/Fire      #####        1%          1    None
 Throw Flame              Conj/Fire      #####.       1%          2    None
 Confusing Touch          Hex            #.....       13%         1    None
 Infusion                 Chrm           #...         13%         1    None
 Shroud of Golubria       Chrm/Tloc      #.........   19%         2    None
 Song of Slaying          Chrm           #.......     19%         2    None
 Confuse                  Hex            #.......     36%         3    ##.....
 Gell's Gravitas          Tloc           #.........   36%         3    ##.....
 Inner Flame              Hex/Fire       #.......     36%         3    ##.....
 Regeneration             Chrm/Necr      #.........   36%         3    ##.....
 Spectral Weapon          Hex/Chrm       #.......     36%         3    ##.....
 Sticky Flame             Conj/Fire      #####...     12%         4    ####...
 Fireball                 Conj/Fire      #####.....   34%         5    #####..
 Petrify                  Tmut/Erth      #.......     77%         4    ####...
 Metabolic Englaciation   Hex/Ice        #.........   98%         5    #####..
 Yara's Violent Unravell  Hex/Tmut       #.........   98%         5    #####..


Dungeon Overview and Level Annotations

Branches:
Dungeon (11/15)            Temple (1/1) D:4            Lair (0/6) D:10
    Orc (0/2) D:11

Altars:
Ashenzari
Cheibriados
Dithmenos
Elyvilon
Fedhas
Gozag
Hepliaklqana
Kikubaaqudgha
Makhleb
Nemelex Xobeh
Okawaru
Qazlal
Ru
Sif Muna
Trog
Uskayaw
Vehumet
Wu Jian
Xom
Yredelemnul
Zin
The Shining One

Shops:
D:6 (   D:7 [   D:10 !

Annotations:
D:10 Snorg


Innate Abilities, Weirdness & Mutations

You have a beak for a mouth.
You have claws for feet.
You can fly continuously.


Message History

Confirm with . or Enter, or press ? or * to list all spells.
You feel a surge of power!
The orc warrior is struck by an arc of lightning!!
You kill the orc warrior!
Vehumet accepts your kill.
The lightning grounds out.
The orc wizard mumbles some strange words.
The orc wizard blinks!
The two-headed ogre misses you.
The two-headed ogre hits you with a +0 giant club.
The two-headed ogre hits you with a +0 giant club!!
* * * LOW HITPOINT WARNING * * *
The two-headed ogre barely misses you.
Okay, then.
Okay, then.
The orc wizard is no longer moving quickly.
The orc wizard gestures wildly while chanting.
The orc wizard seems to speed up.
There is a stone staircase leading up here.
The two-headed ogre hits you with a +0 giant club!
You die...

. ..#######################
...............@O.......#
................o.......#
........###############.#
######.T# #.# #..# #.#
#######..###############)#
................"ยง.O.....#
.........................#
###########..............#


You could see a two-headed ogre and an orc wizard.

Vanquished Creatures
  Psyche (D:8)
  A gargoyle (D:10)
  A troll (D:11)
  A hippogriff (D:7)
  Sigmund (D:6)
  2 humans (D:8)
  Menkaure (D:6)
  A porcupine (D:10)
  5 orc warriors
  3 sky beasts
  3 ice beasts
  3 black bears
  A phantom (D:9)
  3 ogres
  4 centaurs
  A crocodile (D:10)
  2 big kobolds (D:10)
  Blork the orc (D:4)
  6 bullfrogs
  A water moccasin zombie (D:6)
  A scorpion (D:4)
  A water moccasin skeleton (D:8)
  4 killer bees (D:8)
  3 crimson imps
  2 quasits
  A bullfrog zombie (D:7)
  8 orc priests
  4 centaur skeletons
  6 hounds
  3 jellies
  13 orc wizards
  A bullfrog skeleton (D:4)
  4 iguanas
  Terence (D:2)
  Natasha (thrice) (D:3)
  A statue (D:8)
  11 worker ants
  A hound zombie (D:5)
  2 hound skeletons
  2 worker ant zombies
  11 adders
  5 shadow imps
  3 oozes
  An adder zombie (D:8)
  2 adder skeletons
  5 worms
  A dart slug (D:2)
  6 leopard geckos
  47 orcs
  A ball python (D:2)
  4 giant cockroaches
  7 goblins
  8 hobgoblins
  10 jackals
  16 kobolds
  4 quokkas
  7 bats
  8 frilled lizards
  A leopard gecko zombie (D:5)
  A quokka skeleton (D:4)
  A quokka zombie (D:5)
  6 rats
  A fungus (D:10)
270 creatures vanquished.

Vanquished Creatures (others)
  An orc wizard (D:4)
  A fungus (D:10)
  A plant (D:10)
3 creatures vanquished.

Grand Total: 273 creatures vanquished

Notes
Turn   | Place    | Note
-------+----------+-------------------------------------------
     0 | D:1      | Yuikono the Tengu Air Elementalist began the quest for the
                  | Orb.
     0 | D:1      | Reached XP level 1. HP: 10/10 MP: 4/4
   147 | D:1      | Reached XP level 2. HP: 5/15 MP: 3/6
   277 | D:1      | Learned a level 2 spell: Swiftness
  1076 | D:2      | Reached XP level 3. HP: 19/19 MP: 7/7
  1460 | D:2      | Noticed Terence
  1861 | D:2      | Learned a level 3 spell: Static Discharge
  2109 | D:2      | Found a glowing golden altar of the Shining One.
  2255 | D:2      | Killed Terence
  2255 | D:2      | Reached skill level 5 in Air Magic
  2255 | D:2      | Reached XP level 4. HP: 19/24 MP: 1/9
  2490 | D:3      | Gained mutation: You can fly continuously. [Tengu growth]
  2490 | D:3      | Reached XP level 5. HP: 27/28 MP: 8/10
  2496 | D:3      | Reached skill level 1 in Armour
  2508 | D:3      | Reached skill level 1 in Fighting
  3114 | D:3      | Reached XP level 6. HP: 30/34 MP: 11/11
  3661 | D:4      | Noticed Natasha
  3686 | D:3      | Killed Natasha
  3978 | D:3      | Noticed Natasha
  3986 | D:3      | Killed Natasha
  4151 | D:3      | Noticed Natasha
  4156 | D:3      | Killed Natasha
  4180 | D:4      | Reached skill level 5 in Conjurations
  4180 | D:4      | Reached XP level 7. HP: 36/40 MP: 12/12
  4484 | D:4      | Found a staircase to the Ecumenical Temple.
  5066 | D:4      | Noticed Blork the orc
  5353 | Temple   | Entered the Ecumenical Temple
  5573 | D:4      | Killed Blork the orc
  5680 | D:5      | Entered Level 5 of the Dungeon
  5699 | D:5      | Reached XP level 8. HP: 36/46 MP: 13/13
  5786 | D:5      | Learned a level 4 spell: Airstrike
  5820 | D:5      | Found a snail-covered altar of Cheibriados.
  5821 | D:5      | Found a shattered altar of Ashenzari.
  6704 | D:6      | Found Fuang's Weapon Boutique.
  6768 | D:6      | Learned a level 2 spell: Throw Flame
  7264 | D:6      | Noticed Sigmund
  7275 | D:6      | Reached skill level 5 in Fighting
  7313 | D:6      | Noticed Menkaure
  7453 | D:6      | Reached XP level 9. HP: 54/54 MP: 5/14
  7736 | D:6      | Killed Sigmund
  8175 | D:6      | Killed Menkaure
  8831 | D:7      | Found a blossoming altar of Fedhas.
  8936 | D:7      | Noticed a cyclops
  9222 | D:7      | Reached skill level 10 in Air Magic
  9226 | D:7      | Found Nufe Uwa's Antique Armour Boutique.
 10667 | D:8      | Reached XP level 10. HP: 42/61 MP: 16/16
 10859 | D:8      | Found a sacrificial altar of Ru.
 10875 | D:8      | Noticed Psyche
 10894 | D:8      | Killed Psyche
 10894 | D:8      | Reached skill level 10 in Conjurations
 11618 | D:8      | Found an iron altar of Okawaru.
 11653 | D:8      | Found a deep blue altar of Sif Muna.
 11669 | D:8      | Found a sparkling altar of Nemelex Xobeh.
 11690 | D:8      | Found a radiant altar of Vehumet.
 11699 | D:8      | Became a worshipper of Vehumet
 11841 | D:8      | Found a sparkling altar of Nemelex Xobeh.
 12285 | D:9      | Learned a level 5 spell: Lightning Bolt
 12721 | D:9      | Found a shimmering altar of Xom.
 13179 | D:10     | Entered Level 10 of the Dungeon
 13318 | D:10     | Reached skill level 5 in Spellcasting
 13405 | D:10     | Found Azoor's Distillery.
 13413 | D:10     | Bought 2 potions of curing for 96 gold pieces
 13413 | D:10     | Bought a potion of heal wounds for 80 gold pieces
 13413 | D:10     | Bought a potion of brilliance for 64 gold pieces
 13413 | D:10     | Bought a potion of berserk rage for 80 gold pieces
 13413 | D:10     | Bought a potion of lignification for 48 gold pieces
 13468 | D:10     | Reached * piety under Vehumet
 13468 | D:10     | Offered knowledge of Magic Dart by Vehumet.
 13473 | D:10     | Noticed a gargoyle
 13698 | D:10     | Learned a level 3 spell: Conjure Flame
 13783 | D:10     | Killed a gargoyle
 14049 | D:10     | Found a staircase to the Lair.
 14097 | D:10     | Found a burning altar of Makhleb.
 14300 | D:10     | Noticed Snorg
 15026 | D:11     | Reached XP level 11. HP: 56/68 MP: 9/20
 15087 | D:11     | Found a staircase to the Orcish Mines.
 15143 | D:11     | Noticed a two-headed ogre
 15185 | D:11     | Slain by a two-headed ogre

Skill      XL: |  1  2  3  4  5  6  7  8  9 10 |
---------------+-------------------------------+-----
Conjurations   | 2 3 4 5 6 8 9 11 | 11.2
Air Magic      | 5 6 7 9 10 11 | 11.8
Armour         | 1 2 3 |  3.9
Fighting       | 1 2 3 5 6 8 |  8.3
Spellcasting   | 3 5 |  5.6
Dodging        | |  2.1
Stealth        | |  2.0

Action                   |  1- 3 |  4- 6 |  7- 9 | 10-12 || total
-------------------------+-------+-------+-------+-------++-------
Melee: Unarmed           |    37 |       |       |       ||    37
       Peck              |     6 |    30 |    17 |    20 ||    73
       Kick              |    15 |    30 |    57 |    32 ||   134
       Dagger            |    34 |   172 |    70 |       ||   276
       Hand axe          |       |       |   156 |   130 ||   286
 Fire: Hunting sling     |     5 |       |       |       ||     5
       Blowgun           |       |       |       |     8 ||     8
       Hand crossbow     |       |       |       |     5 ||     5
Throw: Stone             |     3 |       |     7 |     5 ||    15
 Cast: Shock             |    46 |     6 |    85 |    41 ||   178
       Static Discharge  |       |       |     5 |    21 ||    26
       Airstrike         |       |       |     7 |    28 ||    35
       Throw Flame       |       |       |     2 |       ||     2
       Conjure Flame     |       |       |       |     4 ||     4
       Swiftness         |       |       |       |     2 ||     2
 Abil: Fly               |       |     1 |       |       ||     1
Evoke: Wand              |       |       |       |     1 ||     1
  Use: Scroll            |       |       |     6 |     4 ||    10
       Potion            |       |       |     1 |     2 ||     3
 Stab: Sleeping          |     4 |       |     3 |     3 ||    10
  Eat: Chunk             |     5 |     5 |    24 |     5 ||    39
       Ration            |       |     1 |       |     3 ||     4
Armor: Robe              |    11 |       |    56 |    49 ||   116
       Scale mail        |       |    76 |    53 |       ||   129
Dodge: Dodged            |    46 |    81 |   193 |   137 ||   457
